 Dungeon Crawl Stone Soup version 0.26-a0-708-g17f3b190f9 (webtiles) character file.

Game seed: 16402152648684440490

445 Ijustatesigmund the Conjurer (level 7, -11/49 HPs)
             Began as an Octopode Conjurer on Oct 29, 2020.
             Mangled by an ogre
             ... wielding a +0 giant spiked club
              (14 damage)
             ... on level 5 of the Dungeon.
             The game lasted 00:12:00 (5152 turns).

Ijustatesigmund the Conjurer (Octopode Conjurer)    Turns: 5152, Time: 00:12:01

Health: -11/49     AC:  1    Str:  7    XL:     7   Next: 3%
Magic:  4/12       EV: 14    Int: 21    God:
Gold:   92         SH:  0    Dex: 11    Spells: 9/12 levels left

rFire    . . .     SeeInvis .   a - +0 spear
rCold    . . .     Faith    .   (no shield)
rNeg     . . .     Spirit   .   (helmet restricted)
rPois    .         Reflect  .   e - amulet of magic regeneration
rElec    .         Harm     .   c - ring of protection from magic
rCorr    .         Rampage  .   (no ring)
MR       +....                  (no ring)
Stlth    +++.......             (no ring)
HPRegen  0.16/turn              (no ring)
MPRegen  0.38/turn              (no ring)
                                (no ring)
                                (no ring)

@: marked
A: almost no armour, stealthy swim, amphibious, 8 rings, constrict 8, camouflage
1, gelatinous body 1
a: no special abilities


You were on level 5 of the Dungeon.
You visited 1 branch of the dungeon, and saw 5 of its levels.

You collected 92 gold pieces.

Inventory:

Hand Weapons
 a - a +0 spear (weapon)
Jewellery
 c - a ring of protection from magic (left tentacle)
 e - an amulet of magic regeneration (around mantle)
Wands
 f - a wand of random effects (16)
Scrolls
 b - 4 scrolls of identify
 g - 3 scrolls of immolation
Potions
 h - a potion of curing
 i - a potion of lignification


   Skills:
 - Level 4.3 Fighting
 + Level 3.5 Dodging
 - Level 2.6 Stealth
 + Level 3.4 Spellcasting
 + Level 5.0 Conjurations


You had 9 spell levels left.
You knew the following spells:

 Your Spells              Type           Power        Failure   Level
a - Magic Dart            Conj           ###.         1%          1
b - Searing Ray           Conj           ###...       2%          2

Your spell library contained the following spells:

 Spells                   Type           Power        Failure   Level
 Dazzling Flash           Conj/Hex       ##....       14%         3
 Fulminant Prism          Conj/Hex       ##........   41%         4
 Iskenderun's Mystic Bla  Conj/Tloc      ##......     41%         4


Dungeon Overview and Level Annotations

Branches:
Dungeon (5/15)
 Temple: D:4-7

Altars:
Ashenzari
Hepliaklqana
Nemelex Xobeh
Xom
Zin
The Shining One

Annotations:
D:4 Edmund


Innate Abilities, Weirdness & Mutations

You cannot wear most types of armour.
You are very stealthy in the water. (Stealth+)
You are amphibious.
You can wear up to eight rings at the same time.
You can use your tentacles to constrict eight enemies at once.
Your skin changes colour to match your surroundings (Stealth+).
Your rubbery body absorbs attacks. (AC +1, EV +1)


Message History

Aiming: Random Effects
Press: ? - help, Shift-Dir - straight line, f - ogre
Aim: an ogre, wielding a +0 giant spiked club (almost dead)
The ogre seems to speed up.
The ogre hits you with a +0 giant spiked club!!
Ouch! That really hurt!
* * * LOW HITPOINT WARNING * * *
The worker ant waves its antennae.
The white imp shouts, "Scamper away, thou gleeking pigeon-egg toady!"
The white imp gestures at you. The puff of frost hits you!
* * * LOW HITPOINT WARNING * * *
The ogre barely misses you.
Okay, then.
You feel better. The white imp hits you.
* * * LOW HITPOINT WARNING * * *
The white imp freezes you.
* * * LOW HITPOINT WARNING * * *
The ogre hits you with a +0 giant spiked club!
You die...

#............
#........B..#
#............
#.Z....O.....
#............
#....h....... ##
#.........c..
#.#######(#'###+##.
#.@OYB5h......#.#
#5#######.....#....
# #o
#....'.....#..#.
#.#S
#.####.....#..#
###.#.##.#
#######..#
.......#.######
#c.# #...........
...# ##.#.#######
...# #############
#.#.#


You could see a sky beast, an ogre (fast), a howler monkey, a worker ant, an
adder, 2 white imps and an orc.

Vanquished Creatures
  A centaur (D:5)
  Blork the orc (D:4)
  2 hounds
  A worker ant (D:4)
  A hound skeleton (D:5)
  3 gnolls (D:2)
  4 adders
  A white imp (D:4)
  2 ufetubi (D:5)
  A worm (D:3)
  2 adder skeletons (D:4)
  2 dart slugs
  3 leopard geckos
  11 orcs
  A ball python (D:1)
  10 bats
  11 giant cockroaches
  7 goblins
  9 hobgoblins
  4 jackals (D:3)
  8 kobolds
  3 quokkas
  3 frilled lizards
  12 rats
103 creatures vanquished.

Notes
Turn   | Place    | Note
-------+----------+-------------------------------------------
     0 | D:1      | Ijustatesigmund the Octopode Conjurer began the quest for
                  | the Orb.
     0 | D:1      | Reached XP level 1. HP: 11/11 MP: 3/3
     2 | D:1      | Noticed an octopode
     2 | D:1      | Noticed a vine stalker
     4 | D:1      | Noticed a vampire
     4 | D:1      | Noticed a gargoyle
     6 | D:1      | Noticed a halfling
     6 | D:1      | Noticed a ghoul
     8 | D:1      | Noticed an elf
     8 | D:1      | Noticed a centaur
    10 | D:1      | Noticed a merfolk
    12 | D:1      | Noticed a human
    12 | D:1      | Noticed a naga
    14 | D:1      | Noticed a felid
    14 | D:1      | Noticed a draconian
    16 | D:1      | Noticed a dwarf
    18 | D:1      | Noticed a spriggan
    20 | D:1      | Noticed a troll
    22 | D:1      | Noticed an ogre
    22 | D:1      | Noticed a demigod
    24 | D:1      | Noticed a demonspawn
    24 | D:1      | Noticed a formicid
    26 | D:1      | Noticed a minotaur
    26 | D:1      | Noticed a tengu
    70 | D:1      | Reached skill level 1 in Fighting
   137 | D:1      | Reached XP level 2. HP: 15/19 MP: 5/5
   487 | D:1      | Learned a level 2 spell: Searing Ray
   775 | D:1      | Found a sacrificial altar of Ru.
   777 | D:1      | Found a broken altar of Ashenzari.
   777 | D:1      | Found a shimmering blue altar of Sif Muna.
   802 | D:1      | Found a glowing silver altar of Zin.
   802 | D:1      | Found a shimmering altar of Xom.
   802 | D:1      | Found a hazy altar of Hepliaklqana.
  1000 | D:2      | Reached XP level 3. HP: 21/25 MP: 6/6
  1818 | D:2      | Reached XP level 4. HP: 30/31 MP: 7/7
  1955 | D:2      | Found a glowing golden altar of the Shining One.
  2774 | D:3      | Reached XP level 5. HP: 38/38 MP: 3/8
  2900 | D:3      | Found a sparkling altar of Nemelex Xobeh.
  3016 | D:3      | Found a hazy altar of Hepliaklqana.
  3641 | D:4      | Noticed Blork the orc
  4091 | D:4      | Killed Blork the orc
  4091 | D:4      | Reached XP level 6. HP: 32/44 MP: 2/10
  4551 | D:4      | Noticed Edmund
  4583 | D:5      | Entered Level 5 of the Dungeon
  5143 | D:5      | Noticed a sky beast
  5147 | D:5      | Reached skill level 5 in Conjurations
  5147 | D:5      | Reached XP level 7. HP: 40/49 MP: 4/12
  5152 | D:5      | Mangled by an ogre

Illustrated notes

Levels and vault maps discovered:
D:1:      kb_arrival_jail, layout_rooms, doesnt_xom_only_xom
D:2:      layout_basic, lemuel_doored_altar
D:3:      layout_loops_corners, marbit_many_paths, old_standard_altar,
          minmay_parallelograms
D:4:      minmay_door_path, layout_loops_ring, led_sif_pool, uniq_ijyb,
          uniq_robin, uniq_edmund, uniq_blork_the_orc
D:5:      layout_basic, lemuel_crystal_altar, lemuel_round_altar

Skill      XL: |  1  2  3  4  5  6 |
---------------+-------------------+-----
Fighting       | 1 2 3 4 |  4.3
Dodging        | 3 |  3.5
Spellcasting   | 3 |  3.4
Conjurations   | 5 |  5.0
Stealth        | |  2.6

Action                   |  1- 3 |  4- 6 |  7- 9 || total
-------------------------+-------+-------+-------++-------
Melee: Unarmed           |    33 |       |       ||    33
       Tentacles         |     8 |    14 |     1 ||    23
       Constrict         |    14 |    31 |       ||    45
       Dagger            |    18 |    19 |       ||    37
       Spear             |       |   132 |     1 ||   133
 Cast: Magic Dart        |    46 |    17 |       ||    63
       Searing Ray       |     1 |    14 |       ||    15
Evoke: Wand              |       |       |     1 ||     1
  Use: Scroll            |     3 |     5 |       ||     8
       Potion            |       |     1 |     1 ||     2
 Stab: Sleeping          |     5 |    16 |       ||    21
Armor: Skin              |     6 |     8 |       ||    14
Dodge: Dodged            |    43 |   111 |     2 ||   156

Table legend: (Time is in decaauts)
 A = Elapsed time spent in this place.
 B = Non-inter-level travel time spent in this place.
 C = Inter-level travel time spent in this place.
 D = Time resting spent in this place.
 E = Time spent auto-exploring this place.
 F = Levels seen in this place.
 G = Mean time per level.
                   A        B        C        D        E       F      G
               +--------+--------+--------+--------+--------+-----+--------+
         Total |   5165 |   5100 |     65 |   1715 |   2575 |   5 | 1033.0 |
       Dungeon |   5165 |   5100 |     65 |   1715 |   2575 |   5 | 1033.0 |
               +--------+--------+--------+--------+--------+-----+--------+

Top non-repeatable levels by time:
     D:3: 1535 daAuts
     D:2: 1368 daAuts
     D:1: 993 daAuts
     D:4: 698 daAuts
     D:5: 569 daAuts
